 Dungeon Crawl Stone Soup version 0.23-a0-577-g2b1de94 (webtiles) character file.

492 Azzok the Chopper (level 7, -1/52 HPs)
             Began as a Formicid Fighter on Dec 15, 2018.
             Slain by Pikel
             ... wielding a +2 whip of electrocution
              (4 damage)
             ... on level 5 of the Dungeon.
             The game lasted 00:05:04 (3928 turns).

Azzok the Chopper (Formicid Fighter)                Turns: 3928, Time: 00:05:05

Health: -1/52      AC:  9    Str: 27    XL:     7   Next: 37%
Magic:  7/7        EV:  8    Int:  8    God:
Gold:   259        SH: 10    Dex: 10    Spells: 6/6 levels left

rFire    . . .     SeeInvis +   g - +1 rapier (elec)
rCold    . . .     Gourm    .   c - +0 shield
rNeg     . . .     Faith    .   b - +0 scale mail
rPois    +         Spirit   .   (helmet unavailable)
rElec    .         Reflect  .   q - +0 cloak
rCorr    .         Harm     .   (no gloves)
MR       .....                  j - +0 pair of boots
Stlth    ..........             (no amulet)
HPRegen  0.17/turn              m - ring of flight
MPRegen  0.10/turn              z - ring of poison resistance

@: mighty
A: permanent stasis, dig shafts and tunnels, four strong arms, antennae 3
a: Dig, Shaft Self, Evoke Flight


You were on level 5 of the Dungeon.
You were not hungry.

You visited 1 branch of the dungeon, and saw 5 of its levels.

You collected 259 gold pieces.

Inventory:

Hand Weapons
 a - a +0 war axe
 g - a +1 rapier of electrocution (weapon)
Missiles
 k - 5 javelins (quivered)
 l - 2 stones
Armour
 b - a +0 scale mail (worn)
 c - a +0 shield (worn)
 j - a +0 pair of boots (worn)
 q - a +0 cloak (worn)
Jewellery
 m - a ring of flight (left hand)
 z - a ring of poison resistance (right hand)
Scrolls
 h - 5 scrolls of remove curse {unknown}
 i - a scroll of amnesia {unknown}
 n - 7 scrolls of identify {unknown}
 o - a scroll of fog {unknown}
 r - a scroll of immolation {unknown}
 s - a scroll of fear {unknown}
 t - 2 scrolls of enchant weapon {unknown}
 x - 2 scrolls of blinking {unknown}
 y - 2 scrolls of teleportation {unknown}
Potions
 e - a potion of haste {unknown}
 p - a potion of brilliance {unknown}
 u - a potion of curing {unknown}
 v - 2 potions of agility {unknown}
 w - 2 potions of heal wounds {unknown}
 A - 2 potions of berserk rage {unknown}
 C - 2 potions of lignification {unknown}
Comestibles
 f - 13 rations
 B - 4 chunks of flesh


   Skills:
 - Level 3.2 Fighting
 + Level 7.5 Axes
 - Level 3.2 Armour
 - Level 3.6 Shields


You had 6 spell levels left.
You didn't know any spells.
Your spell library was empty.

Dungeon Overview and Level Annotations

Branches:
Dungeon (5/15)
 Temple: D:4-7

Altars:
Dithmenos
Kikubaaqudgha

Annotations:
D:5 Pikel


Innate Abilities, Weirdness & Mutations

You cannot be hasted, slowed, berserked, paralysed or teleported.
You can dig through walls and to a lower floor.
Your four strong arms can wield two-handed weapons with a shield.
You have a pair of large antennae on your head. (SInv)


Message History

You block Pikel's attack. You block the jackal's attack.
Pikel hits you with a +2 whip of electrocution.
* * * LOW HITPOINT WARNING * * *
You feel very mighty all of a sudden.
The jackal bites you but does no damage. x2
You block Pikel's attack.
You barely miss Pikel.
Pikel is severely wounded.
You block the jackal's attack. Pikel barely misses you. The jackal bites you.
* * * LOW HITPOINT WARNING * * *
You hit Pikel but do no damage.
Pikel is severely wounded.
The jackal bites you but does no damage.
You block Pikel's attack.
You closely miss Pikel.
Pikel is severely wounded.
The jackal bites you.
* * * LOW HITPOINT WARNING * * *
Pikel hits you with a +2 whip of electrocution.
You die...

·▒▒▒▒▒▒▒▒▒
·········▒▒▒▒▒▒ {
····?·····K··p·
▒····p·p··
▒·▒·▒▒▒▒▒▒ ▒·▒·▒
▒·▒·▒▒▒▒▒▒▒p▒·▒▒▒▒▒▒
······Yh@Kpp········
▒····▒▒▒▒▒▒p····▒▒▒▒
▒·· ▒·····▒▒▒▒· %
▒▒▒▒▒▒··÷·······
▒······▒'▒·▒▒▒▒▒
▒······▒·▒·▒{
▒······▒·▒ ▒·
╬·······<▒ ▒·
▒▒▒▒······▒·▒·▒·


You could see Pikel, an ice beast, 4 slaves and a jackal.

Vanquished Creatures
  2 ogres (D:4)
  A howler monkey (D:4)
  An iguana (D:4)
  Natasha (twice) (D:3)
  3 worker ants (D:4)
  5 adders
  An ooze (D:1)
  5 worms
  3 dart slugs
  3 leopard geckos
  8 orcs
  2 giant cockroaches
  5 goblins
  7 hobgoblins
  A jackal (D:5)
  2 quokkas
  A ball python zombie (D:5)
  12 bats
  2 frilled lizards
  4 kobolds
  A leopard gecko skeleton (D:4)
  8 rats
79 creatures vanquished.

Notes
Turn   | Place    | Note
-------+----------+-------------------------------------------
     0 | D:1      | Azzok the Formicid Fighter began the quest for the Orb.
     0 | D:1      | Reached XP level 1. HP: 18/18 MP: 1/1
   174 | D:1      | Reached XP level 2. HP: 24/24 MP: 2/2
   251 | D:1      | Reached skill level 3 in Axes
   446 | D:1      | Reached XP level 3. HP: 29/29 MP: 3/3
  1168 | D:2      | Reached skill level 4 in Axes
  1168 | D:2      | Reached XP level 4. HP: 35/35 MP: 4/4
  2087 | D:3      | Noticed Natasha
  2092 | D:3      | Reached XP level 5. HP: 41/41 MP: 5/5
  2105 | D:3      | Killed Natasha
  2105 | D:3      | Reached skill level 5 in Axes
  2115 | D:3      | Noticed Natasha
  2139 | D:3      | Killed Natasha
  2605 | D:4      | Found a shadowy altar of Dithmenos.
  2755 | D:4      | Noticed an ogre
  2761 | D:4      | Killed an ogre
  2761 | D:4      | Reached skill level 6 in Axes
  2761 | D:4      | Reached XP level 6. HP: 47/47 MP: 6/6
  3231 | D:4      | Noticed an ogre
  3238 | D:4      | Killed an ogre
  3238 | D:4      | Reached skill level 7 in Axes
  3238 | D:4      | Reached XP level 7. HP: 31/52 MP: 7/7
  3570 | D:4      | Found an ancient bone altar of Kikubaaqudgha.
  3847 | D:5      | Entered Level 5 of the Dungeon
  3899 | D:5      | Noticed Pikel
  3928 | D:5      | Slain by Pikel

Vault maps used:
D:1:      mainiacjoe_arrival_reflecting_pool, chequers_serial_rivers_micro_b,
          roderic_filled_cross
D:2:      hangedman_feature_mirror, minmay_tripent
D:3:      first_ration, uniq_natasha
D:4:      old_standard_altar, lemuel_coloured_pillars_altar,
          serial_park_tiny_pond
D:5:      temple_pool_b, gammafunk_ghost_split, minmay_checkerbox,
          uniq_blork_the_orc, uniq_pikel

Skill      XL: |  1  2  3  4  5  6 |
---------------+-------------------+-----
Axes           | 3 4 6 7 |  7.5
Fighting       | |  3.2
Armour         | |  3.2
Shields        | |  3.6

Action                   |  1- 3 |  4- 6 |  7- 9 || total
-------------------------+-------+-------+-------++-------
Melee: War axe           |    96 |   101 |       ||   197
       Rapier            |       |    48 |    46 ||    94
  Use: Potion            |       |       |     1 ||     1
  Eat: Chunk             |     1 |     7 |     2 ||    10
Armor: Scale mail        |    48 |    50 |    26 ||   124
Dodge: Dodged            |    32 |    52 |    12 ||    96
Block: Shield            |    46 |    58 |    29 ||   133

Table legend:
 A = Non-vault XP
 B = Vault XP
 C = Vault XP percentage of total XP
 D = Non-vault monster count
 E = Vault monster count
 F = Vault count percentage of total count
                 A         B        C        D         E       F
            +---------+---------+-------+---------+---------+-------
      Total |     651 |      53 |   7.5 |      74 |       5 |   6.3
            +---------+---------+-------+---------+---------+-------
        D:1 |      38 |       0 |   0.0 |      19 |       0 |   0.0
        D:2 |      41 |      17 |  29.3 |      17 |       4 |  19.0
        D:3 |      86 |      36 |  29.5 |      15 |       1 |   6.2
        D:4 |     483 |       0 |   0.0 |      21 |       0 |   0.0
        D:5 |       3 |       0 |   0.0 |       2 |       0 |   0.0
            +---------+---------+-------+---------+---------+-------
